 Dungeon Crawl Stone Soup version 0.14-a0-1297-g3d87a2a (webtiles) character file.

2529 PolkaDot the Conjurer (level 9, -5/57 HPs)
             Began as a Vampire Conjurer on Dec 4, 2013.
             Was a Follower of Sif Muna.
             Killed from afar by an electric eel (12 damage)
             ... with a bolt of electricity
             ... on Level 6 of the Dungeon.
             The game lasted 00:38:46 (5594 turns).

PolkaDot the Conjurer (Vampire Conjurer)            Turns: 5594, Time: 00:38:47

HP  -5/57        AC  4     Str  7      XL: 9   Next: 14%
MP  14/14        EV 15     Int 20      God: Sif Muna [*.....]
Gold 292         SH  0     Dex 14      Spells:  3 memorised,  5 levels left

rFire  . . .     SeeInvis +     o - +2,+0 elf sabre
rCold  . . .     Clarity  .     a - +0 robe
rNeg   . . .     Conserve .     (no shield)
rPois  .         rCorr    .     (no helmet)
rElec  .         rRot     .     h - +0 cloak
SustAb . .       Spirit   .     m - +0 pair of gloves (curse)
rMut   .         Warding  .     (no boots)
Saprov . . .     Stasis   .     (no amulet)
                                (no ring)
                                t - +3 ring of evasion

@: regenerating quickly, very slightly contaminated, somewhat resistant to
hostile enchantments, stealthy
A: bottle blood, fangs 3, see invisible, unbreathing
a: Bottle Blood, Channel Energy, Renounce Religion


You were on level 6 of the Dungeon.
You worshipped Sif Muna.
Sif Muna was aware of your devotion.
You were very full.

You visited 2 branches of the dungeon, and saw 7 of its levels.
You also visited: Sewer.

You collected 292 gold pieces.

Inventory:

Hand weapons
 o - a +2,+0 elven sabre (weapon)
Armour
 a - a +0 robe (worn)
 h - a +0 cloak (worn)
 i - a +0 orcish buckler
 m - a cursed +0 pair of gloves (worn)
 v - a +1 elven leather armour
Magical devices
 l - a wand of lightning (1) {unknown}
Scrolls
 b - a scroll of noise {unknown}
 d - 10 scrolls of remove curse
 e - a scroll of immolation
 f - 2 scrolls of fog {unknown}
 k - a scroll of amnesia
 p - a scroll of teleportation {unknown}
 r - a scroll of magic mapping
 w - a scroll of fear {unknown}
Jewellery
 t - a +3 ring of evasion (left hand)
Potions
 g - a potion of agility
 j - a potion of curing
 n - a potion of restore abilities {unknown}
 q - 4 potions of blood
 u - a potion of lignification
Books
 c - a book of Conjurations

   Spells                             Type                      Level
   *Magic Dart                        Conjuration                  1
   *Searing Ray                       Conjuration                  2
   Dazzling Spray                     Conjuration/Hexes            3
   *Iskenderun's Mystic Blast         Conjuration                  4
   Iskenderun's Battlesphere          Conjuration/Charms           4
   Fulminant Prism                    Conjuration/Hexes            5


   Skills:
 - Level 4.6 Short Blades
 + Level 3.7 Armour
 - Level 2.1 Dodging
 - Level 3.0 Stealth
 - Level 2.0 Spellcasting
 * Level 8.5 Conjurations


You had 5 spell levels left.
You knew the following spells:

 Your Spells              Type           Power        Failure   Level  Hunger
a - Magic Dart            Conj           ####         1%          1    #......
d - Iskenderun's Mystic   Conj           #####...     6%          4    #####..
s - Searing Ray           Conj           #####.       1%          2    ##.....


Dungeon Overview and Level Annotations

Branches:
Dungeon (6/16)             Temple (1/1) D:5

Altars:
Ashenzari
Cheibriados
Elyvilon
Kikubaaqudgha
Makhleb
Nemelex Xobeh
Okawaru
Sif Muna
Trog
Vehumet
Xom
Yredelemnul
Zin
the Shining One


Innate Abilities, Weirdness & Mutations

Your natural rate of healing is unusually fast.
You can bottle blood from corpses.
You have razor-sharp teeth.*
You have supernaturally acute eyesight.
You can survive without breathing.*


Message History

You start resting.
Magic restored.
Your magical contamination has completely faded away.
You open the large door.
Found a runed dwarven dagger.
The electric eel shoots out a bolt of electricity!
The bolt of electricity hits you!
* * * LOW HITPOINT WARNING * * *
There is a large open door here.
The electric eel shoots out a bolt of electricity!
The bolt of electricity hits you!
* * * LOW HITPOINT WARNING * * *
Read which item? (? for menu, Esc to quit)
Blink to where?
Press: ? - help, Dir - move target cursor
As you read the scroll of blinking, it crumbles to dust.
You are very lightly contaminated with residual magic.
The electric eel shoots out a bolt of electricity!
The bolt of electricity hits you!
You die...

### #..
#.########
#.#......#
#.#......#
#.#.....)#
#.#......#
#.'......♣≈
#.@.....P≈♣
#.#...♣≈♣≈P
#.#..P≈≈≈≈≈
#.#.(♣≈PP♣;
#.#.{;≈≈≈;P
#.##{≈≈≈≈≈≈♣
#...≈♣≈≈
#.##{≈≈P≈P≈≈
#.# ♣P≈♣≈≈≈


You could see a big fish (wandering) and an electric eel.

Vanquished Creatures
  Grinder (D:3)
  Prince Ribbit (D:4)
  Menkaure (D:5)
  4 ogres
  2 giant goldfish (D:6)
  2 centaurs (D:5)
  A crocodile (Sewer)
  Sigmund (D:3)
  A hippogriff zombie (D:5)
  2 jellyfish (D:6)
  3 crimson imps
  2 hounds
  A giant frog skeleton (D:6)
  2 orc priests (D:6)
  A big fish (D:6)
  4 scorpions
  An iguana (D:6)
  2 worker ants (D:4)
  Ijyb (D:4)
  A hound skeleton (D:6)
  7 gnolls (D:5)
  7 adders
  A worm (D:5)
  A giant mite (D:3)
  An adder zombie (D:5)
  2 giant eyeballs
  10 orcs
  14 bats
  13 hobgoblins
  9 jackals
  16 kobolds
  A quokka (D:4)
  9 giant cockroaches
  6 giant geckos
  4 giant newts
  13 goblins
  An orc zombie (D:6)
  14 rats
163 creatures vanquished.

Notes
Turn   | Place    | Note
--------------------------------------------------------------
     0 | D:1      | PolkaDot, the Vampire Conjurer, began the quest for the Orb.
     0 | D:1      | Reached XP level 1. HP: 13/13 MP: 3/3
   475 | D:1      | Reached XP level 2. HP: 14/19 MP: 0/4
   567 | D:1      | Learned a level 2 spell: Searing Ray
   968 | D:1      | Reached skill level 1 in Short Blades
   968 | D:1      | Reached XP level 3. HP: 17/24 MP: 1/6
  1311 | D:2      | Found a basalt altar of Yredelemnul.
  1326 | D:2      | Reached XP level 4. HP: 28/30 MP: 7/7
  1428 | D:2      | Reached skill level 4 in Conjurations
  1917 | D:3      | Noticed Sigmund
  1924 | D:3      | Learned a level 4 spell: Iskenderun's Mystic Blast
  1945 | D:3      | Killed Sigmund
  1945 | D:3      | Reached XP level 5. HP: 28/35 MP: 9/9
  2303 | D:3      | Noticed Grinder
  2335 | D:3      | Paralysed by Grinder for 4 turns
  2367 | D:3      | Killed Grinder
  2367 | D:3      | Reached skill level 5 in Conjurations
  2367 | D:3      | Reached XP level 6. HP: 18/41 MP: 1/10
  2748 | D:4      | Found a glowing golden altar of the Shining One.
  2748 | D:4      | Found an ancient bone altar of Kikubaaqudgha.
  2818 | D:4      | Noticed Ijyb
  2829 | D:4      | Killed Ijyb
  2872 | D:4      | Found a glowing drain.
  2901 | Sewer    | Entered a sewer
  2991 | Sewer    | Reached XP level 7. HP: 30/46 MP: 3/12
  3275 | D:4      | Noticed Prince Ribbit
  3374 | D:4      | Killed Prince Ribbit
  3374 | D:4      | Reached skill level 6 in Conjurations
  3533 | D:4      | Got a brightly glowing quarterstaff
  3537 | D:4      | Identified the cursed +3,+1 quarterstaff "Qekkei Nebid" {crush, rElec SInv} (You found it on level 4 of the Dungeon)
  3659 | D:5      | Entered Level 5 of the Dungeon
  3678 | D:5      | Noticed Menkaure
  3691 | D:5      | Killed Menkaure
  3691 | D:5      | Reached skill level 1 in Armour
  3691 | D:5      | Reached XP level 8. HP: 38/52 MP: 6/13
  3850 | D:5      | Reached skill level 7 in Conjurations
  3878 | D:5      | Found a staircase to the Ecumenical Temple.
  3887 | Temple   | Entered the Ecumenical Temple
  3992 | Temple   | Became a worshipper of Sif Muna the Loreminder
  4222 | D:5      | Paralysed by a giant eyeball for 2 turns
  4988 | D:6      | Acquired Sif Muna's first power
  5049 | D:6      | Reached skill level 8 in Conjurations
  5335 | D:6      | Reached XP level 9. HP: 52/57 MP: 2/14
  5594 | D:6      | Killed from afar by an electric eel

Action                   |  1- 3 |  4- 6 |  7- 9 || total
-------------------------+-------+-------+-------++-------
Melee: Unarmed           |     5 |       |       ||     5
       Short sword       |    85 |    91 |       ||   176
       Sabre             |       |    30 |   131 ||   161
 Cast: Magic Dart        |    19 |    11 |     1 ||    31
       Searing Ray       |     4 |    12 |    37 ||    53
       Iskenderun's Myst |       |     1 |     8 ||     9
Invok: Channel Energy    |       |       |    25 ||    25
 Abil: Bottle Blood      |       |     4 |    29 ||    33
Evoke: Wand              |       |       |     1 ||     1
  Use: Potion            |     2 |     8 |    25 ||    35
       Scroll            |       |     1 |    17 ||    18
 Stab: Sleeping          |     2 |     9 |     3 ||    14
       Invisible         |       |     1 |       ||     1
